 Dungeon Crawl Stone Soup version 0.17-a0-1914-gde4187c (webtiles) character file.

2 4thArraOfDagon the Shield-Bearer (level 1, -2/18 HPs)
             Began as a Formicid Fighter on Sept 26, 2015.
             Slain by a giant frog (5 damage)
             ... on level 15 of the Dungeon.
             The game lasted 00:01:51 (199 turns).

4thArraOfDagon the Shield-Bearer (Formicid Fighter)  Turns: 199, Time: 00:01:51

Health: -2/18      AC:  8    Str: 20    XL:     1   Next: 33%
Magic:  1/1        EV:  7    Int:  7    God:
Gold:   39         SH:  9    Dex: 10    Spells: 0 memorised, 0 levels left

rFire  . . .     SeeInvis +     a - +0 war axe
rCold  . . .     Clarity  .     b - +0 scale mail
rNeg   . . .     SustAt   .     c - +0 shield
rPois  .         Gourm    .     (helmet unavailable)
rElec  .         Spirit   .     (no cloak)
rCorr  .         Warding  .     (no gloves)
rMut   .         Stasis   +     f - +0 pair of boots
MR     .....                    (no amulet)
Stlth  ..........               (no ring)
                                (no ring)

@: flying, not resistant to hostile enchantments, extremely unstealthy
A: permanent stasis, dig shafts and tunnels, four strong arms, antennae 3
a: Dig, Shaft Self


You were on level 15 of the Dungeon.
You were hungry.

You visited 1 branch of the dungeon, and saw 10 of its levels.

You collected 39 gold pieces.

Inventory:

Hand weapons
 a - a +0 war axe (weapon)
Armour
 b - a +0 scale mail (worn)
 c - a +0 shield (worn)
 f - a +0 pair of boots (worn)
 j - a +0 chain mail
Comestibles
 e - a bread ration
 i - a chunk of flesh
 k - 3 fruits


   Skills:
 + Level 3.3 Fighting
 * Level 2.0 Axes
 + Level 3.2 Armour
 + Level 3.7 Shields


You couldn't memorise any spells.
You didn't know any spells.

Dungeon Overview and Level Annotations

Branches:
Dungeon (15/15)
 Temple: D:4-7         Lair: D:8-11         Orc: D:9-12      Vaults: D:13-14
 Depths: D:15

Altars:

Shops:
D:15 [


Innate Abilities, Weirdness & Mutations

You are under a permanent stasis effect.
You can dig through walls and to a lower floor.
Your four strong arms can wield two-handed weapons with a shield.
You have a pair of large antennae on your head (SInv).


Message History

Your magical effects are unravelling.
You feel magically purged.
You feel a little less mighty now.
The giant frog hits you but does no damage. x2
Unknown command.
Drink which item? (? for menu, Esc to quit)
It was a potion of flight.
You feel very buoyant.
You fly up into the air.
The giant frog barely misses you.
Unknown command.
You barely miss the giant frog. The giant frog hits you.
The giant frog hits you.
* * * LOW HITPOINT WARNING * * *
You block the giant frog's attack.
You closely miss the giant frog. You block the giant frog's attack.
The giant frog closely misses you.
You hit the giant frog.
The giant frog is moderately wounded.
You block the giant frog's attack. The giant frog hits you.
You die...

#.## #.Y. ##.# #Z..
#.## #... ##.# #...
#.## ##.# #.## ###
##.# ##@# #.## #F##
##.# ##{## #.## {
##F#######.#
######{.⌠.##.#####.
....{{..∩............
.......⌠.⌠...........
.....{...........<...
......{..(...........


You could see a giant frog.

Vanquished Creatures
  A giant gecko (D:2)
1 creature vanquished.

Notes
Turn   | Place    | Note
--------------------------------------------------------------
     0 | D:1      | 4thArraOfDagon the Formicid Fighter began the quest for the Orb.
     0 | D:1      | Reached XP level 1. HP: 18/18 MP: 1/1
    23 | D:1      | You fall through a shaft!
    27 | D:2      | You fall through a shaft!
    91 | D:2      | You fall through a shaft for 2 floors!
   127 | D:4      | You fall through a shaft!
   127 | D:5      | Entered Level 5 of the Dungeon
   131 | D:5      | Noticed a centaur
   137 | D:5      | You fall through a shaft for 3 floors!
   137 | D:8      | Noticed an orc warrior
   145 | D:9      | Noticed an orc warrior
   145 | D:9      | Noticed an orc wizard
   145 | D:9      | Noticed an orc wizard
   149 | D:9      | You fall through a shaft for 2 floors!
   149 | D:11     | Noticed a yak
   149 | D:11     | Noticed a yak
   151 | D:11     | Noticed a yak
   152 | D:11     | You fall through a shaft for 3 floors!
   154 | D:14     | Noticed a hill giant
   157 | D:14     | You fall through a shaft!
   157 | D:15     | Entered Level 15 of the Dungeon
   157 | D:15     | Noticed a giant frog
   157 | D:15     | Noticed a crimson imp
   157 | D:15     | Noticed a wolf spider zombie
   157 | D:15     | Noticed a tengu warrior
   157 | D:15     | Noticed an ice beast
   182 | D:15     | Found Zemuuroh's Antique Armour Shoppe.
   182 | D:15     | Noticed a giant frog
   182 | D:15     | Noticed a giant frog
   182 | D:15     | Noticed a giant frog
   183 | D:15     | Noticed a hungry ghost
   199 | D:15     | Slain by a giant frog

Vault maps used:
D:1:      dpeg_arrival_lava_temple_mockup
D:2:      makhleb_altar_promises_db
D:3:      first_bread
D:4:      minmay_temple_entry_mist, serial_shops,
          nicolae_shop_temple_entry_statues_fountains
D:5:      hangedman_decor_opposing, minmay_fountain_box
D:8:      basic_altar, enter_bailey_2, uniq_pikel
D:9:      minmay_klotski, orc_0_dummy, david_nohive_1
D:11:     minmay_lair_entry_lava, uniq_erica
D:15:     grunt_enter_depths_magical_seal, lemuel_crystal_altar, serial_shops,
          shop_fountains, minmay_misc_feat_rows

Action                   || total
-------------------------++-------
Melee: War axe           ||     6
 Abil: Shaft Self        ||     7
       Dig               ||     2
  Use: Potion            ||     3
  Eat: Chunk             ||     1
